 Dungeon Crawl Stone Soup version 0.32-a0-18-g89e19f1974 (webtiles) character file.

Game seed: 6736690055191469876

445 Gargoyl the Chopper (level 7, 0/66 HPs)
             Began as a Gargoyle Berserker on Jan 16, 2024.
             Was a Believer of Trog.
             Slain by a gnoll
             ... wielding a +0 spear
             ... led by a gnoll sergeant
              (3 damage)
             ... on level 4 of the Dungeon.
             The game lasted 00:04:39 (3242 turns).

Gargoyl the Chopper (Gargoyle Berserker)            Turns: 3242, Time: 00:04:39

Health: 0/66       AC: 11    Str: 20    XL:     7   Next: 3%
Magic:  7/7        EV: 11    Int:  8    God:    Trog [**....]
Gold:   154        SH:  0    Dex: 11    Spells: 6/6 levels left

rFire   . . .        a - +1 hand axe
rCold   . . .        (no shield)
rNeg    + . .        h - +0 ring mail
rPois   ∞            i - +0 helmet
rElec   +            (no cloak)
rCorr   +            (no gloves)
SInv    .            (no boots)
Will    .....        (no amulet) Stlth
                     d - ring of resist corrosion
HPRegen 0.31/turn    (no ring)
MPRegen 0.10/turn

%: clarity
@: berserking, very quick
A: sickness immunity, AC +4, negative energy resistance 1, electricity
resistance, torment resistance 1, petrification resistance, clarity, MP-powered
wands
a: Renounce Religion, Berserk, Trog's Hand


You were on level 4 of the Dungeon.
You worshipped Trog.
Trog was pleased with you.
You visited 1 branch of the dungeon, and saw 4 of its levels.
You also visited: Sewer.

You collected 154 gold pieces.

Inventory:

Hand Weapons
 a - a +1 hand axe (weapon)
 e - a +0 spear
Missiles
 j - 8 poisoned darts (quivered)
Armour
 h - a +0 ring mail (worn)
 i - a +0 helmet (worn)
Jewellery
 d - a ring of resist corrosion (left hand)
Wands
 k - a wand of flame (21)
Scrolls
 b - a scroll of silence
Potions
 c - a potion of attraction
 f - a potion of cancellation {unknown}
 g - a potion of degeneration {unknown}
 l - a potion of curing {unknown}
 m - a potion of mutation
 n - a potion of lignification {unknown}
 o - 2 potions of heal wounds {unknown}
 p - a potion of haste {unknown}
 q - 2 potions of magic {unknown}
 r - a potion of invisibility {unknown}
 u - a potion of ambrosia {unknown}


   Skills:
 + Level 4.7 Fighting
 + Level 5.1 Axes
 + Level 4.0 Armour
 + Level 2.5 Dodging
 + Level 0.5 Stealth


You had 6 spell levels left.
You didn't know any spells.
Your spell library was empty.

Dungeon Overview and Level Annotations

Branches:
Dungeon (4/15)              Sewer (visited)
 Temple: D:4-7

Altars:
Nemelex Xobeh
Qazlal
Uskayaw


Innate Abilities, Weirdness & Mutations

You are immune to sickness and miasma.
Your stone body is resilient. (AC +4)
You are immune to poison.
You resist negative energy. (rN+)
You are resistant to electric shocks. (rElec)
You are resistant to unholy torment.
You are immune to petrification.
You possess an exceptional clarity of mind.
You expend magic power (3 MP) to strengthen your wands.


Message History

a +0 halberd; a gnoll corpse Unknown command.
You hit the gnoll.
The gnoll is moderately wounded.
The gnoll hits you with a +0 spear.
Unknown command.
You closely miss the gnoll.
The gnoll is moderately wounded.
You closely miss the gnoll.
The gnoll sergeant hits you from afar with a +0 spear.
The gnoll hits you but does no damage. The gnoll hits you with a +0 spear.
Unknown command.
You barely miss the gnoll.
The gnoll is moderately wounded.
You barely miss the gnoll.
Unknown command.
You hit the gnoll.
The gnoll is heavily wounded.
You closely miss the gnoll.
The gnoll sergeant hits you but does no damage.
The gnoll hits you with a +0 whip.
* * * LOW HITPOINT WARNING * * *
The gnoll hits you with a +0 spear.
* * * LOW HITPOINT WARNING * * *
You closely miss the gnoll.
The gnoll is heavily wounded.
You hit the gnoll.
The gnoll sergeant hits you from afar with a +0 spear!
* * * LOW HITPOINT WARNING * * *
The gnoll closely misses you. The gnoll hits you with a +0 spear.
* * * LOW HITPOINT WARNING * * *
You hit the gnoll.
The gnoll is almost dead.
You slash the gnoll!
You feel the power of Trog in you as your rage grows.
You kill the gnoll!
Trog accepts your kill.
The gnoll sergeant hits you but does no damage.
The gnoll hits you with a +0 spear.
You die...

##..#######
#....# #....#
###'##
###..####..
#...........
+.g.........
##)##..##...
#@# ..# ..
#.....g....#
#.............
#.............
#####.###...#.
#+ .### . .#


You could see a gnoll sergeant and a gnoll.

Vanquished Creatures
  2 bullfrogs (Sewer)
  A hound (D:4)
  An iguana (D:4)
  7 gnolls
  9 adders
  4 river rats (Sewer)
  2 ribbon worms (D:3)
  A dart slug (D:1)
  15 ball pythons
  3 bats
  10 endoplasms
  A giant cockroach (D:2)
  3 goblins
  6 hobgoblins
  5 quokkas
  7 frilled lizards
  5 kobolds
  26 rats
108 creatures vanquished.

Notes
Turn   | Place    | Note
-------+----------+-------------------------------------------
     0 | D:1      | Gargoyl the Gargoyle Berserker began the quest for the Orb.
     0 | D:1      | Reached XP level 1. HP: 14/14 MP: 1/1
    79 | D:1      | Reached XP level 2. HP: 14/19 MP: 2/2
   189 | D:1      | Reached skill level 3 in Axes
   699 | D:2      | Reached XP level 3. HP: 24/24 MP: 3/3
   783 | D:2      | Gained mutation: Your body sometimes deteriorates upon
                  | taking damage. [potion of mutation]
   783 | D:2      | Gained mutation: You have a pair of small horns on your
                  | head. [potion of mutation]
   838 | D:2      | HP: 1/24 [frozen (5)]
  1064 | D:2      | Found a stormy altar of Qazlal.
  1370 | D:2      | Lost mutation: Your body sometimes deteriorates upon taking
                  | damage. [potion of mutation]
  1370 | D:2      | Lost mutation: You have a pair of small horns on your head.
                  | [potion of mutation]
  1370 | D:2      | Gained mutation: You possess an exceptional clarity of
                  | mind. [potion of mutation]
  1370 | D:2      | Gained mutation: You are weak. (Str -2) [potion of
                  | mutation]
  1370 | D:2      | Lost mutation: You are weak. (Str -2) [potion of mutation]
  1370 | D:2      | Gained mutation: You expend magic power (3 MP) to
                  | strengthen your wands. [potion of mutation]
  1459 | D:3      | Found a hide-covered altar of Uskayaw.
  1469 | D:3      | Reached XP level 4. HP: 26/29 MP: 4/4
  1758 | D:3      | Reached ** piety under Trog
  1838 | D:3      | Found a glowing drain.
  1848 | Sewer    | Entered a sewer
  1871 | Sewer    | Reached skill level 4 in Axes
  1871 | Sewer    | Reached XP level 5. HP: 33/33 MP: 5/5
  2341 | Sewer    | Reached XP level 6. HP: 39/39 MP: 6/6
  2757 | D:3      | Found a faded altar of an unknown god.
  3017 | D:4      | Found a sparkling altar of Nemelex Xobeh.
  3043 | D:4      | Reached skill level 5 in Axes
  3234 | D:4      | Reached XP level 7. HP: 42/44 MP: 7/7
  3241 | D:4      | HP: 3/66 [gnoll/+0 spear[a gnoll sergeant] (2)]
  3242 | D:4      | Slain by a gnoll

Illustrated notes

Levels and vault maps discovered:
D:1:      psy_arrival_conway, layout_rooms
D:2:      layout_loops_ring, basic_altar
D:3:      layout_loops_ring, mainiacjoe_overflow_catwalk,
          basic_ecumenical_altar, portal_sewer_entry_b
D:4:      layout_gridville, nemelex_spade_bored_becter

Skill      XL: |  1  2  3  4  5  6 |
---------------+-------------------+-----
Axes           | 3 4 5 |  5.1
Fighting       | 4 |  4.7
Dodging        | 2 |  2.5
Armour         | 3 4 |  4.0
Stealth        | |  0.5

Action                     |  1- 3 |  4- 6 |  7- 9 || total
---------------------------+-------+-------+-------++-------
  Melee: Hand axe          |    97 |   179 |     7 ||   283
         Headbutt          |     2 |       |       ||     2
         Punch             |       |     2 |       ||     2
 Invoke: Berserk           |     3 |     6 |       ||     9
    Use: Scroll            |     3 |     5 |       ||     8
         Potion            |     2 |       |       ||     2
 Armour: Animal skin       |    33 |       |       ||    33
         Ring mail         |    38 |   130 |    15 ||   183
  Dodge: Dodged            |    84 |   147 |     4 ||   235

Table legend: (Time is in decaauts)
 A = Elapsed time spent in this place.
 B = Non-inter-level travel time spent in this place.
 C = Inter-level travel time spent in this place.
 D = Time resting spent in this place.
 E = Time spent auto-exploring this place.
 F = Levels seen in this place.
 G = Mean time per level.
                   A        B        C        D        E       F      G
               +--------+--------+--------+--------+--------+-----+--------+
         Total |   3417 |   3367 |     50 |    517 |   1851 |   5 |  683.4 |
       Dungeon |   2596 |   2546 |     50 |    239 |   1612 |   4 |  649.0 |
         Sewer |    821 |    821 |      0 |    278 |    239 |   1 |  821.0 |
               +--------+--------+--------+--------+--------+-----+--------+

Top non-repeatable levels by time:
     D:2: 886 daAuts
     D:3: 830 daAuts
   Sewer: 821 daAuts
     D:1: 554 daAuts
     D:4: 325 daAuts
